 Dungeon Sprint DCSS version 0.31-a0-344-gd109795599 (webtiles) character file.

Game seed: 18293773172735010296

4505 Conn the Arsonist (level 10, -5/60 HPs)
             Began as an Octopode Fire Elementalist on July 22, 2023.
             Was a High Priest of Sif Muna.
             Killed from afar by a deep elf high priest (32 damage)
             ... with damnation
             ... in the Dungeon (Sprint III: "The Ten Rune Challenge").
             The game lasted 00:14:58 (2155 turns).

Conn the Arsonist (Octopode Fire Elementalist)      Turns: 2155, Time: 00:15:03

Health: -5/60      AC:  3    Str:  8    XL:     10   Next: 39%
Magic:  11/26      EV: 15    Int: 21    God:    Sif Muna [*****.]
Gold:   2626       SH:  0    Dex: 13    Spells: 11/33 levels left

rFire   . . .        o - +2 long sword (holy)
rCold   + . .        (no shield)
rNeg    . . .        (helmet restricted)
rPois   .            (no amulet)
rElec   .            h - ring of wizardry
rCorr   .            (no ring)
SInv    .            (no ring)
Will    .....        (no ring)
Stlth   +++++        (no ring)
HPRegen 0.30/turn    (no ring)
MPRegen 0.20/turn    (no ring)
                     (no ring)

%: no teleportation, wizardry (x1)
@: no status effects
A: almost no armour, amphibious, 8 rings, camouflage 1, gelatinous body 1,
(nimble swimmer 1), tentacles, iridescent scales 1, cold resistance 1,
MP-powered wands
a: Renounce Religion, Channel Magic, Forget Spell, Divine Exegesis


You were in the Dungeon.
You worshipped Sif Muna.
Sif Muna was extremely pleased with you.
You visited 1 branch You collected 2794 gold pieces.
You spent 168 gold pieces at shops.

Inventory:

Hand Weapons
 g - a +0 short sword
 i - a +3 quarterstaff of chaos
 o - a +2 long sword of holy wrath (weapon)
Jewellery
 h - a ring of wizardry (left tentacle)
Scrolls
 f - a scroll of blinking
 k - a scroll of immolation
 l - a scroll of identify
 p - a scroll of fear
Potions
 a - 4 potions of magic
 b - 2 potions of curing
 c - 3 potions of heal wounds
 e - a potion of berserk rage
 j - 3 potions of mutation
 m - 2 potions of enlightenment
 n - a potion of cancellation


   Skills:
 + Level 2.2 Fighting
 + Level 3.1 Long Blades
 + Level 1.9 Staves
 + Level 6.2 Dodging
 - Level 9.3 Stealth
 + Level 12.4 Spellcasting
 * Level 7.8 Conjurations
 + Level 4.1 Hexes
 + Level 14.4 Fire Magic
 + Level 0.4 Air Magic
 * Level 6.4 Invocations


You had 11 spell levels left.
You knew the following spells:

 Your Spells              Type           Power      Damage    Failure   Level
a - Foxfire               Conj/Fire      100%       2x1d9     1%          1
b - Scorch                Fire           100%       2d9       0%          2
c - Inner Flame           Hex/Fire       51%        N/A       1%          3
d - Flame Wave            Conj/Fire      56%        2d13      1%          4
e - Iskenderun's Mystic   Conj/Tloc      29%        2d7       4%          4
f - Summon Lightning Spi  Summ/Air       13%        N/A       19%         4
g - Summon Ice Beast      Ice/Summ       13%        N/A       21%         4

Your spell library contained the following spells:

 Spells                   Type           Power      Damage    Failure   Level
 Ensorcelled Hibernation  Hex/Ice        42%        N/A       1%          2
 Confusing Touch          Hex            30%        N/A       1%          3
 Dazzling Flash           Conj/Hex       76%        N/A       1%          3
 Tukima's Dance           Hex            30%        N/A       1%          3
 Volatile Blastmotes      Fire/Tloc      86%        2d17      1%          3
 Portal Projectile        Hex/Tloc       42%        N/A       2%          3
 Leda's Liquefaction      Hex/Erth       10%        N/A       9%          4
 Manifold Assault         Tloc           13%        N/A       21%         4
 Olgreb's Toxic Radiance  Pois           13%        N/A       21%         4
 Passage of Golubria      Tloc           13%        N/A       21%         4
 Borgnjor's Vile Clutch   Necr/Erth      6%         N/A       45%         5
 Haunt                    Necr/Summ      6%         N/A       100%        7
 Borgnjor's Revivificati  Necr           6%         N/A       100%        8
 Death's Door             Necr           6%         N/A       100%        9


Dungeon Overview and Level Annotations

Branches:
Dungeon (1/1)

Altars:
Cheibriados
Dithmenos
Elyvilon
Fedhas
Kikubaaqudgha
Makhleb
Okawaru
Qazlal
Ru
Sif Muna
Trog
Uskayaw
Vehumet
Wu Jian
Xom
Yredelemnul
Zin
The Shining One

Shops:
D *


Innate Abilities, Weirdness & Mutations

You cannot wear most types of armour.
You are amphibious.
You can wear up to eight rings at the same time.
Your skin changes colour to match your surroundings (Stealth+).
Your rubbery body absorbs attacks. (AC +1, EV +1)
((You are camouflaged when in or above water. (Stealth+)))
You have tentacles for arms and can constrict up to eight enemies at once.
You are partially covered in iridescent scales. (AC +2)
Your flesh is cold resistant. (rC+)
You expend magic power (3 MP) to strengthen your wands.


Message History

Casting: Inner Flame (safe; 1% risk of failure)
Confirm with . or Enter, or press ? or * to list all spells.
Okay, then.
Unknown command.
Unknown command.
Casting: Inner Flame (safe; 1% risk of failure)
Confirm with . or Enter, or press ? or * to list all spells.
You conjure some foxfire!
The deep elf high priest utters a dark prayer and points at you.
Your life force is offered up.
You hear a shout!
Unknown command.
Casting: Foxfire (safe; 1% risk of failure)
Confirm with . or Enter, or press ? or * to list all spells.
You conjure some foxfire!
The foxfire hits the deep elf high priest.
Flame seeps out of the deep elf high priest.
The deep elf high priest is lightly wounded.
The deep elf high priest is engulfed in blazing flames.
Flame seeps out of the deep elf high priest.
Casting: Foxfire (safe; 1% risk of failure)
Confirm with . or Enter, or press ? or * to list all spells.
You conjure some foxfire!
The deep elf high priest is engulfed in blazing flames.
Flame seeps out of the deep elf high priest.
Unknown command.
Casting: Foxfire (safe; 1% risk of failure)
Confirm with . or Enter, or press ? or * to list all spells.
A chill wind blows around you.
The foxfire hits the deep elf high priest but does no damage.
The deep elf high priest is heavily wounded.
The foxfire hits the deep elf high priest.
Flame seeps out of the deep elf high priest.
The deep elf high priest is severely wounded.
The deep elf high priest is engulfed in blazing flames.
Flame seeps out of the deep elf high priest.
The deep elf high priest calls down the wrath of its god upon you.
The sphere of damnation explodes!
The damnation engulfs you!!
Ouch! That really hurt!
You die...

▓▓▓ ▓▓▓▓▓▓
##.###..#.######## ###
##..∩#..#..'.#...# ...'
#)........##.#..§##≈≈≈≈#
#))).....###.#Y§§v§ve...
#))))....# #)#v8@##≈
#)###...#.##.)§§§#
#.##.#.###########
#'##############
#....#.#.#.....#
##.#..#.##.###.#
'##)#.#.##.# ##
#.))#..#..## ▓▓▓▓▓▓▓▓▓▓▓


You could see a deep elf high priest (inner flame, ally target), a friendly ice
beast (summoned) and a friendly lightning spire (summoned).

Vanquished Creatures
  An orc high priest (D)
  6 deep elf pyromancers (D)
  A shadow (D)
  An orc warrior (D)
  4 two-headed ogres (D)
  A water elemental (D)
  A necrophage (D)
  A jelly (D)
  An orc priest (D)
  Crazy Yiuf (D)
  Jessica (D)
  3 orc wizards (D)
  A wizard (D)
  A necromancer (D)
  A kobold demonologist (D)
  3 humans (D)
  11 orcs (D)
  A bat (D)
  3 rats (D)
43 creatures vanquished.

Vanquished Creatures (others)
  85 foxfires (D)
85 creatures vanquished.

Grand Total: 128 creatures vanquished

Notes
Turn   | Place    | Note
-------+----------+-------------------------------------------
     0 | D        | Conn the Octopode Fire Elementalist began the quest for the
                  | Orb.
     0 | D        | Reached XP level 1. HP: 11/11 MP: 3/3
    13 | D        | Noticed Jessica
    62 | D        | Killed Jessica
    63 | D        | Reached skill level 5 in Fire Magic
    63 | D        | Reached XP level 2. HP: 11/17 MP: 0/6
    63 | D        | Reached XP level 3. HP: 13/21 MP: 0/7
    66 | D        | Learned a level 2 spell: Scorch
    70 | D        | Learned a level 3 spell: Inner Flame
   175 | D        | Reached skill level 6 in Fire Magic
   252 | D        | Noticed Crazy Yiuf
   258 | D        | Killed Crazy Yiuf
   259 | D        | Reached XP level 4. HP: 27/27 MP: 1/9
   345 | D        | Gained mutation: You expend magic power (3 MP) to
                  | strengthen your wands. [potion of mutation]
   345 | D        | Gained mutation: You are partially covered in iridescent
                  | scales. (AC +2) [potion of mutation]
   345 | D        | Gained mutation: Your flesh is cold resistant. (rC+)
                  | [potion of mutation]
   351 | D        | Noticed a water elemental
   354 | D        | Killed a water elemental
   355 | D        | Reached skill level 7 in Fire Magic
   355 | D        | Reached XP level 5. HP: 32/32 MP: 3/12
   427 | D        | Learned a level 4 spell: Flame Wave
   436 | D        | Found a hide-covered altar of Uskayaw.
   436 | D        | Found a bloodstained altar of Trog.
   436 | D        | Found an ornate altar of the Wu Jian Council.
   437 | D        | Noticed a human
   437 | D        | Noticed a human
   450 | D        | Killed a human
   451 | D        | Reached skill level 1 in Fighting
   451 | D        | Reached skill level 5 in Stealth
   451 | D        | Reached skill level 9 in Fire Magic
   451 | D        | Reached XP level 6. HP: 24/38 MP: 4/15
   457 | D        | Killed a human
   458 | D        | Reached skill level 10 in Fire Magic
   573 | D        | Found a radiant altar of Vehumet.
   573 | D        | Found a shimmering blue altar of Sif Muna.
   573 | D        | Found an ancient bone altar of Kikubaaqudgha.
   576 | D        | Reached XP level 7. HP: 43/43 MP: 17/17
   582 | D        | Got the Secrets of Indurated Guile
   584 | D        | Became a worshipper of Sif Muna the Loreminder
   589 | D        | Found an iron altar of Okawaru.
   596 | D        | Found a glowing silver altar of Zin.
   596 | D        | Found a glowing golden altar of the Shining One.
   596 | D        | Found a white marble altar of Elyvilon.
   596 | D        | Noticed a deep elf pyromancer
   600 | D        | Noticed a fire elemental
   600 | D        | Noticed a fire elemental
   600 | D        | Killed a deep elf pyromancer
   601 | D        | Reached skill level 1 in Staves
   601 | D        | Reached skill level 5 in Dodging
   601 | D        | Reached skill level 11 in Fire Magic
   601 | D        | Reached XP level 8. HP: 49/49 MP: 11/20
   673 | D        | Found a basalt altar of Yredelemnul.
   673 | D        | Found a shadowy altar of Dithmenos.
   673 | D        | Found a sacrificial altar of Ru.
   679 | D        | Reached * piety under Sif Muna
   680 | D        | Reached skill level 12 in Fire Magic
   752 | D        | Noticed a shadow
   754 | D        | Killed a shadow
   755 | D        | Reached skill level 1 in Hexes
   818 | D        | Reached ** piety under Sif Muna
   978 | D        | Noticed a two-headed ogre
  1067 | D        | Killed a two-headed ogre
  1068 | D        | Reached skill level 10 in Spellcasting
  1068 | D        | Reached skill level 13 in Fire Magic
  1189 | D        | Found a blossoming altar of Fedhas.
  1189 | D        | Found a stormy altar of Qazlal.
  1189 | D        | Found a snail-covered altar of Cheibriados.
  1189 | D        | Found a burning altar of Makhleb.
  1189 | D        | Found a shimmering altar of Xom.
  1222 | D        | Found Wopnim's General Store.
  1225 | D        | Reached *** piety under Sif Muna
  1226 | D        | Reached **** piety under Sif Muna
  1227 | D        | Reached XP level 9. HP: 54/54 MP: 13/23
  1229 | D        | Noticed an orc high priest
  1233 | D        | Killed an orc high priest
  1233 | D        | Reached ***** piety under Sif Muna
  1234 | D        | Reached skill level 5 in Conjurations
  1256 | D        | Received a gift from Sif Muna
  1374 | D        | Learned a level 4 spell: Iskenderun's Mystic Blast
  1454 | D        | Bought a scroll of fear for 56 gold pieces
  1454 | D        | Bought a potion of heal wounds for 70 gold pieces
  1464 | D        | Noticed a deep elf pyromancer
  1464 | D        | Noticed a deep elf pyromancer
  1464 | D        | Noticed a deep elf pyromancer
  1464 | D        | Noticed a deep elf pyromancer
  1464 | D        | Noticed a deep elf pyromancer
  1475 | D        | Killed a deep elf pyromancer
  1475 | D        | Killed a deep elf pyromancer
  1476 | D        | Reached skill level 1 in Long Blades
  1481 | D        | HP: 1/54 [deep elf pyromancer/bolt of fire (35)]
  1715 | D        | Killed a deep elf pyromancer
  1715 | D        | Received a gift from Sif Muna
  1716 | D        | Reached skill level 14 in Fire Magic
  1716 | D        | Reached skill level 5 in Invocations
  1716 | D        | Reached XP level 10. HP: 60/60 MP: 17/26
  1716 | D        | Got Sif Muna's Performing Successful Spellwork {god gift}
  1722 | D        | Learned a level 4 spell: Summon Lightning Spire
  1727 | D        | Learned a level 4 spell: Summon Ice Beast
  1736 | D        | Bought a potion of curing for 42 gold pieces
  1747 | D        | Killed a deep elf pyromancer
  1771 | D        | Killed a deep elf pyromancer
  1855 | D        | Noticed a deep elf demonologist
  1856 | D        | Identified the +3 mace of Pauteots {spect, rPois Int+4}
  1856 | D        | Noticed a deep elf annihilator
  1882 | D        | Noticed a soul eater
  1961 | D        | Noticed a sun demon
  2144 | D        | Noticed a deep elf high priest
  2155 | D        | Killed from afar by a deep elf high priest

Illustrated notes

Levels and vault maps discovered:
D:        dungeon_sprint_mu [sprint_mu_entry_forest, sprint_mu_temple_rooms,
          sprint_mu_d1_spiders, sprint_mu_d2_genie, sprint_mu_d3_branching,
          sprint_mu_orc_legion, sprint_mu_elf_gauntlet, sprint_mu_hive_nellie,
          sprint_mu_lair_fedhas, sprint_mu_vaults_butterflies,
          sprint_mu_slime_circle, sprint_mu_shoals_archi,
          sprint_mu_snake_twists, sprint_mu_blade_basic,
          sprint_mu_crypt_chambers, sprint_mu_tomb_spiral,
          sprint_mu_vestibule_basic, sprint_mu_gehenna_hellfire,
          sprint_mu_dis_giant, sprint_mu_tartarus_statrot,
          sprint_mu_cocytus_islands, sprint_mu_zot1]

Skill      XL: |  1  2  3  4  5  6  7  8  9 10 |
---------------+-------------------------------+-----
Stealth        | 3 4 5 6 8 9 |  9.3
Spellcasting   | 3 4 6 7 8 10 12 | 12.4
Fire Magic     | 5 6 7 9 10 11 13 14 | 14.4
Dodging        | 3 4 5 6 |  6.2
Conjurations   | 2 3 4 7 |  7.8
Fighting       | 1 2 |  2.2
Staves         | 1 |  1.9
Hexes          | 2 3 4 |  4.1
Invocations    | 5 6 |  6.4
Long Blades    | 2 3 |  3.1
Air Magic      | |  0.4

Action                     |  1- 3 |  4- 6 |  7- 9 | 10-12 || total
---------------------------+-------+-------+-------+-------++-------
  Melee: Short sword       |     4 |       |       |       ||     4
         Constrict         |     1 |     1 |     4 |       ||     6
         Unarmed           |     1 |       |       |       ||     1
         Quarterstaff      |       |     3 |     2 |       ||     5
         Tentacles         |       |     1 |     1 |       ||     2
         Long sword        |       |       |    14 |       ||    14
   Cast: Foxfire           |    21 |     3 |    19 |     8 ||    51
         Scorch            |       |     6 |    18 |     3 ||    27
         Flame Wave        |       |     1 |     3 |       ||     4
         Inner Flame       |       |       |    15 |     8 ||    23
         Summon Lightning  |       |       |       |     3 ||     3
         Summon Ice Beast  |       |       |       |     1 ||     1
    Use: Potion            |       |     1 |       |     1 ||     2
         Scroll            |       |       |     2 |       ||     2
   Stab: Sleeping          |       |     1 |     1 |       ||     2
 Armour: Skin              |       |       |     1 |       ||     1
  Dodge: Dodged            |     2 |     2 |    18 |     1 ||    23

Table legend: (Time is in decaauts)
 A = Elapsed time spent in this place.
 B = Non-inter-level travel time spent in this place.
 C = Inter-level travel time spent in this place.
 D = Time resting spent in this place.
 E = Time spent auto-exploring this place.
 F = Levels seen in this place.
 G = Mean time per level.
                   A        B        C        D        E       F      G
               +--------+--------+--------+--------+--------+-----+--------+
         Total |   2140 |   2140 |      0 |   1078 |     59 |   1 | 2140.0 |
       Dungeon |   2140 |   2140 |      0 |   1078 |     59 |   1 | 2140.0 |
               +--------+--------+--------+--------+--------+-----+--------+

Top non-repeatable levels by time:
       D: 2140 daAuts
